AoeStats
← valmircampolino

Lombardia

508677591Analyzed
2v2 RM · 9d ago on Sep 23, 2026· 61m 33s· 4 players
Game mode
Random Map
Map size
Medium (4 player)
Population
200
Speed
Normal
Resources
Standard
Victory
Conquest
Starting age
Dark Age
Ending age
Imperial Age
RankedLock teamsTeams togetherTeam positionsShared explorationLock speedFull tech treeHidden civsTurbo modeCheats
Victory
Defeat
🇧🇷 Malay · Brazil
1315
+18
🇩🇪 Saxons · Germany
1280
+20
🇹🇼 Tatars · Taiwan
1372
-19
🇹🇼 Varangians · Taiwan
1356
-19
valmircampolino
7:30 Loom
10:31 Feudal Age
10:18 Double-Bit Axe
10:14 Horse Collar
12:34 Wheelbarrow
12:13 Forging
22:14 Castle Age
20:54 Gold Mining
22:03 Thumb Ring
21:25 Crossbowman
22:28 Fletching
23:57 Ballistics
25:55 Bodkin Arrow
27:00 Padded Archer Armor
26:36 Pikeman
27:18 Squires
32:20 Hand Cart
35:14 Imperial Age
35:14 Arbalester
36:45 Bracer
37:49 Halberdier
38:23 Town Watch
40:12 Iron Casting
39:55 Leather Archer Armor
42:46 Iron Casting
42:42 Ring Archer Armor
45:40 Gold Shaft Mining
45:16 Bow Saw
45:34 Arson
45:55 Capped Ram
50:31 Elite Skirmisher
56:00 Conscription
57:10 Chemistry
oggysseus
4:23 Loom
9:54 Feudal Age
10:09 Man-at-Arms
10:36 Double-Bit Axe
12:15 Arson
12:14 Horse Collar
16:27 Wheelbarrow
20:39 Castle Age
18:50 Gold Mining
19:27 Stone Mining
21:52 Bow Saw
21:44 Heavy Plow
25:21 Town Watch
27:52 Fletching
29:08 Hand Cart
29:29 Ballistics
29:42 Bodkin Arrow
31:46 Gold Shaft Mining
35:16 Imperial Age
33:10 Scale Mail Armor
33:21 Forging
33:12 Squires
34:09 Chain Mail Armor
36:29 Conscription
36:40 Plate Mail Armor
35:32 Shield Wall
35:51 Elite Varangian Guard
37:06 Capped Ram
38:31 Iron Casting
38:50 Crop Rotation
39:21 Two-Man Saw
39:07 Bracer
41:04 Chemistry
40:09 Siege Engineers
39:51 Siege Ram
41:56 Hoardings
41:53 Scale Barding Armor
41:48 Padded Archer Armor
43:52 Masonry
45:07 Architecture
44:22 Treadmill Crane
47:38 Elite Hearth Troop
50:42 Guilds
57:09 Caravan
58:43 Heavy Scorpion
[ITCF]yuli
6:51 Loom
9:33 Feudal Age
13:32 Bloodlines
17:41 Scale Barding Armor
18:32 Double-Bit Axe
19:37 Forging
23:37 Castle Age
23:37 Wheelbarrow
23:56 Gold Mining
24:22 Husbandry
24:43 Chain Barding Armor
24:59 Iron Casting
24:38 Bow Saw
32:20 Hand Cart
32:30 Hand Cart
32:06 Town Watch
32:19 Horse Collar
38:28 Imperial Age
38:47 Cavalier
40:03 Plate Barding Armor
40:28 Blast Furnace
39:13 Vendel Legacy
40:14 Conscription
44:57 Stone Mining
45:33 Caravan
48:25 Squires
48:11 Arson
48:29 Scale Mail Armor
48:56 Heavy Plow
49:00 Gambesons
48:36 Elite Varangian Guard
49:32 Chain Mail Armor
49:41 Gothikon
50:54 Plate Mail Armor
50:25 Light Cavalry
53:20 Hussar
[ITCF]Hentai
9:37 Loom
12:14 Feudal Age
14:51 Town Watch
18:47 Castle Age
17:03 Horse Collar
17:13 Double-Bit Axe
18:10 Fletching
18:21 Padded Archer Armor
18:43 Gold Mining
19:31 Bloodlines
22:58 Ballistics
24:21 Bow Saw
27:51 Bodkin Arrow
29:27 Padded Archer Armor
31:05 Stone Mining
32:33 Wheelbarrow
32:57 Fortified Wall
32:57 Masonry
33:23 Leather Archer Armor
33:38 Heavy Plow
35:59 Caravan
36:30 Coinage
36:50 Hand Cart
41:04 Imperial Age
41:23 Murder Holes
41:16 Treadmill Crane
42:59 Chemistry
42:04 Bracer
42:35 Ring Archer Armor
43:20 Heavy Cavalry Archer
45:19 Siege Engineers
47:42 Conscription
51:35 Scale Barding Armor
51:41 Forging
52:29 Guilds
52:50 Banking
53:03 Light Cavalry
53:43 Husbandry
54:05 Chain Barding Armor
54:21 Iron Casting
61:19 Plate Barding Armor
61:44 Blast Furnace
61:23 Gold Shaft Mining
Connection lost

Rejoining the realm…

Still unreachable

The connection could not be restored.

Session expired

The server has moved on; the page needs a fresh start.